 Dungeon Crawl Stone Soup version 0.24.0-1-gfbc8707 (webtiles) character file.

Game seed: 5235878923365831601, levelgen mode: deterministic

172 RonnieColeman the Conjurer (level 5, -2/31 HPs)
             Began as an Octopode Conjurer on Nov 12, 2019.
             Slain by a worker ant (4 damage)
             ... on level 4 of the Dungeon.
             The game lasted 00:07:06 (2350 turns).

RonnieColeman the Conjurer (Octopode Conjurer)      Turns: 2350, Time: 00:07:06

Health: -2/31      AC:  1    Str:  7    XL:     5   Next: 53%
Magic:  8/11       EV: 13    Int: 18    God:
Gold:   110        SH:  0    Dex: 13    Spells: 11/12 levels left

rFire    . . .     SeeInvis .   j - +0 whip
rCold    . . .     Gourm    .   (no shield)
rNeg     . . .     Faith    .   (helmet restricted)
rPois    .         Spirit   .   (no amulet)
rElec    .         Reflect  .   (no ring)
rCorr    .         Harm     .   (no ring)
MR       .....                  (no ring)
Stlth    +++.......             (no ring)
HPRegen  0.10/turn              (no ring)
MPRegen  0.12/turn              (no ring)
                                (no ring)
                                (no ring)

@: very slightly contaminated
A: almost no armour, stealthy swim, amphibious, 8 rings, constrict 8, camouflage
1, gelatinous body 1
a: no special abilities


You were on level 4 of the Dungeon.
You were hungry.

You visited 1 branch of the dungeon, and saw 4 of its levels.

You collected 110 gold pieces.

Inventory:

Hand Weapons
 j - a +0 whip (weapon)
Missiles
 a - 23 poisoned darts (quivered)
Wands
 l - a wand of paralysis (6)
Scrolls
 c - a scroll of fear {unknown}
 d - a scroll of noise {unknown}
 g - a scroll of enchant armour {unknown}
 h - 3 scrolls of blinking {unknown}
 k - 4 scrolls of identify {unknown}
 n - a scroll of remove curse {unknown}
Potions
 e - a potion of degeneration {unknown}
 f - 2 potions of brilliance {unknown}
 i - 4 potions of curing {unknown}
 m - a potion of heal wounds {unknown}
 o - a potion of might {unknown}
Comestibles
 b - 7 rations
 p - 2 chunks of flesh


   Skills:
 - Level 2.0 Dodging
 - Level 2.6 Stealth
 * Level 4.3 Spellcasting
 + Level 5.0 Conjurations


You had 11 spell levels left.
You knew the following spells:

 Your Spells              Type           Power        Failure   Level  Hunger
a - Magic Dart            Conj           ###.         1%          1    None

Your spell library contained the following spells:

 Spells                   Type           Power        Failure   Level  Hunger
 Searing Ray              Conj           ###...       2%          2    ##.....
 Dazzling Spray           Conj/Hex       ##....       16%         3    ###....
 Iskenderun's Mystic Bla  Conj           ###.....     19%         4    ####...
 Force Lance              Conj/Tloc      ##......     45%         4    ####...
 Fulminant Prism          Conj/Hex       ##........   45%         4    ####...


Dungeon Overview and Level Annotations

Branches:
Dungeon (4/15)
 Temple: D:4-7

Altars:

Shops:
D:4 [

Annotations:
D:3 1 runed translucent door, Crazy Yiuf
D:4 Dowan, Duvessa


Innate Abilities, Weirdness & Mutations

You cannot wear most types of armour.
You are very stealthy in the water. (Stealth+)
You are amphibious.
You can wear up to eight rings at the same time.
You can use your tentacles to constrict eight enemies at once.
Your skin changes colour to match your surroundings (Stealth+).
Your rubbery body absorbs attacks. (AC +1, EV +1)


Message History

* * * LOW HITPOINT WARNING * * *
You are feeling hungry.
You hit the scorpion but do no damage. You grab the scorpion.
The scorpion is moderately wounded.
You constrict the scorpion. The quokka barely misses you.
The scorpion misses you.
You hit the scorpion but do no damage.
The scorpion is moderately wounded.
You constrict the scorpion, but do no damage.
The quokka closely misses you. The scorpion closely misses you.
You barely miss the scorpion.
The scorpion is moderately wounded.
You constrict the scorpion. The quokka bites you.
* * * LOW HITPOINT WARNING * * *
The scorpion completely misses you. The quokka closely misses you.
You hit the scorpion.
The scorpion is severely wounded.
You hear the slow rusting of a drain nearby.
You constrict the scorpion. The worker ant bites you.
You die...

........# ..
..##.....e...##
... ...... .
....###....# ..
....#......#...
.............
...........
#........#
#r@a.....?
........s......
.∩...#^....#..#
.... ####..# .
... .... ..
..... . .....
..###


You could see a scorpion, a worker ant and a quokka.

Vanquished Creatures
  2 orc wizards (D:3)
  7 adders
  2 oozes (D:1)
  3 worms
  2 dart slugs
  3 orcs (D:3)
  A ball python (D:1)
  6 bats
  A giant cockroach (D:1)
  4 hobgoblins
  4 quokkas
  2 frilled lizards
  A kobold (D:1)
  8 rats
46 creatures vanquished.

Vanquished Creatures (others)
  2 orcs (D:3)
2 creatures vanquished.

Grand Total: 48 creatures vanquished

Notes
Turn   | Place    | Note
-------+----------+-------------------------------------------
     0 | D:1      | RonnieColeman the Octopode Conjurer began the quest for the
                  | Orb.
     0 | D:1      | Reached XP level 1. HP: 11/11 MP: 3/3
    94 | D:1      | Reached XP level 2. HP: 8/17 MP: 3/5
   704 | D:1      | Reached XP level 3. HP: 21/21 MP: 4/7
  1338 | D:3      | Reached XP level 4. HP: 27/27 MP: 1/9
  1419 | D:3      | Found a runed translucent door.
  1420 | D:3      | Noticed Crazy Yiuf
  2013 | D:3      | Reached XP level 5. HP: 31/31 MP: 5/11
  2301 | D:4      | Noticed Duvessa
  2302 | D:4      | Noticed Dowan
  2306 | D:3      | Reached skill level 5 in Conjurations
  2340 | D:4      | Found Lionolomn's Antique Armour Boutique.
  2350 | D:4      | Slain by a worker ant

Levels and vault maps discovered:
D:1:      nzn_arrival_crosshair, layout_loops_corners
D:2:      layout_basic
D:3:      layout_rooms, first_ration, minmay_misc_feat_chi,
          chequers_serial_rivers_small_a, minmay_misc_feat_columns,
          uniq_crazy_yiuf_cottage
D:4:      layout_cave_pools, lemuel_temple_firewalk_b, gup_sewer_entry_bowl,
          serial_shops, shop, uniq_natasha, uniq_duvessa, uniq_robin

Skill      XL: |  1  2  3  4  5 |
---------------+----------------+-----
Spellcasting   | 3 4 |  4.3
Conjurations   | 5 |  5.0
Dodging        | |  2.0
Stealth        | |  2.6

Action                   |  1- 3 |  4- 6 || total
-------------------------+-------+-------++-------
Melee: Unarmed           |    16 |       ||    16
       Tentacles         |     6 |     2 ||     8
       Constrict         |    10 |     5 ||    15
       Whip              |    25 |    20 ||    45
Throw: Dart              |       |     9 ||     9
 Cast: Magic Dart        |    52 |    52 ||   104
 Stab: Sleeping          |     4 |       ||     4
  Eat: Chunk             |     1 |     3 ||     4
Armor: Skin              |     3 |       ||     3
Dodge: Dodged            |    30 |    21 ||    51
